Map: NeoHumanity LE

Players

Wanky

  • Race: Terran Terran
  • League: Diamond
  • Spawn Location: 5:00

PiG - Winner!

  • Race: Zerg Zerg
  • League: Grandmaster
  • Spawn Location: 11:00

VOD

Have the link to the VOD?

Description

Time

  • Played on: May 2, 2023, 6:10 p.m.
  • Length: 14:11
Show
View Real Time Build Order
Export as new Build Order

Wanky Terran 

Build Orders:  

Get SALT Encoding   

  12  0:00  SCV  
  13  0:12  SCV  
  14  0:17  Supply Depot  
  14  0:24  SCV  
  15  0:39  SCV  
  15  0:40  Barracks  
  16  0:44  Refinery  
  16  0:51  SCV  
  17  0:59  Barracks  
  17  1:03  SCV  
  18  1:15  SCV  
  19  1:19  Barracks  
  19  1:27  Reaper  
  19  1:31  Refinery  
  20  1:43  Orbital Command  
  20  1:47  Reaper  
  21  1:55  Supply Depot  
  21  2:00  Reaper  
  23  2:08  Reaper  
  23  2:16  SCV  
  23  2:20  Supply Depot  
  25  2:22  Reaper  
  25  2:29  SCV  
  26  2:33  Reaper  
  27  2:40  Reaper  
  27  2:41  SCV  
  29  2:54  Reaper  
  29  2:57  SCV  
  31  3:05  Reaper  
  31  3:13  Command Center  
  31  3:14  Reaper  
  31  3:15  SCV  
  33  3:27  Reaper, SCV  
  35  3:37  Reaper  
  35  3:39  SCV  
  37  3:46  Reaper  
  38  3:51  SCV  
  38  3:59  Reaper  
  38  4:03  SCV  
  38  4:04  Command Center  
  39  4:13  Reaper  
  39  4:20  Barracks Tech Lab  
  39  4:25  SCV  
  39  4:26  Orbital Command  
  36  4:43  SCV  
  37  4:48  Barracks Reactor x2  
  37  4:53  SCV  
  37  4:54  Stimpack, Marine  
  37  4:56  SCV  
  40  5:03  Factory  
  40  5:06  SCV  
  41  5:08  SCV  
  41  5:12  Marine  
  43  5:16  Barracks x2  
  43  5:18  Orbital Command, SCV  
  43  5:20  SCV  
  45  5:25  Marine x4  
  49  5:30  Marine, SCV  
  49  5:32  SCV  
  49  5:47  Marine x5  
  50  5:51  Starport  
  50  5:52  Factory Reactor  
  50  6:00  SCV x3  
  53  6:04  Refinery  
  53  6:05  Barracks Reactor  
  53  6:06  Refinery, Barracks Reactor  
  53  6:12  SCV x3  
  53  6:15  Engineering Bay  
  53  6:17  Engineering Bay, Marine  
  53  6:18  Marine x3  
  59  6:19  Marine  
  59  6:21  Orbital Command  
  61  6:29  SCV x2  
  63  6:33  Combat Shield  
  63  6:37  Factory Tech Lab  
  63  6:38  Marine, Medivac x2  
  63  6:39  Marine  
  69  6:47  Marine x3  
  69  6:48  SCV x2  
  69  6:49  Supply Depot, SCV  
  69  6:50  Terran Infantry Weapons Level 1, Supply Depot  
  69  6:51  Terran Infantry Armor Level 1  
  75  6:54  Marine x2  
  77  7:04  Supply Depot  
  77  7:10  Marine x3  
  77  7:11  SCV x3  
  77  7:14  Marine x2  
  85  7:23  SCV x3  
  85  7:26  Medivac x2  
  85  7:27  Siege Tank  
  95  7:31  Supply Depot  
  95  7:32  Supply Depot  
  95  7:35  Supply Depot, SCV x3  
  98  7:50  Marine x2  
  100  7:56  Marine x2  
  100  7:57  Marine x4  
  107  7:59  Marine  
  107  8:00  Medivac x2  
  107  8:04  SCV x3  
  113  8:08  Marine x2  
  115  8:13  Marine  
  115  8:14  Marine x2  
  115  8:15  Marine x3  
  115  8:17  Marine  
  118  8:20  SCV  
  118  8:21  SCV x2  
  118  8:24  Command Center  
  118  8:25  Refinery  
  118  8:26  Marine, Refinery  
  122  8:33  SCV x3  
  125  8:37  Armory  
  125  8:38  Supply Depot x2  
  125  8:42  Supply Depot  
  125  8:47  Factory  
  125  8:48  Barracks  
  125  8:49  Barracks  
  124  9:08  Marauder, Marine x8  
  132  9:10  Siege Tank  
  134  9:26  Marine x8  
  134  9:30  Marauder  
  143  9:32  Terran Infantry Armor Level 2, Terran Infantry Weapons Level 2  
  143  9:33  Terran Vehicle Weapons Level 1  
  143  9:35  SCV  
  144  9:42  Siege Tank  
  144  9:44  Marine x6  
  154  9:50  Marine  
  153  10:03  Barracks Reactor  
  153  10:04  Barracks Reactor x2  
  153  10:05  Factory Tech Lab  
  153  10:06  Marine x6  
  157  10:08  Marine  
  157  10:09  Medivac x2  
  162  10:20  Supply Depot  
  162  10:21  Supply Depot  
  162  10:23  Supply Depot  
  162  10:24  Marine x2  
  164  10:34  Marine  
  164  10:35  Marine x3  
  164  10:36  Marine  
  164  10:39  Marine  
  164  10:40  Marine  
  164  10:41  Marine  
  164  10:42  Marine x2, Siege Tank  
  168  10:46  Marine x3  
  168  10:47  Siege Tank  
  174  10:50  Supply Depot  
  174  10:51  Supply Depot  
  174  10:52  Marine  
  174  10:53  Marine x3  
  174  10:54  Marine  
  126  10:57  Marine x2  
  126  10:59  Marine x2  
  126  11:00  Marine  
  126  11:02  Planetary Fortress  
  126  11:03  SCV x2  
  133  11:04  Marine x3  
  133  11:09  Marine  
  133  11:10  Marine  
  133  11:11  Marine x2, Barracks  
  138  11:12  Factory, Marine, Barracks  
  138  11:14  Siege Tank  
  138  11:15  Marine x2, Sensor Tower  
  138  11:17  Marine x3  
  149  11:20  Siege Tank  
  149  11:22  Marine x3  
  155  11:27  Marine  
  155  11:28  Marine  
  155  11:29  Marine x3  
  160  11:37  Command Center  
  160  11:40  Marine  
  160  11:42  Concussive Shells  
  160  11:46  Siege Tank  
  164  11:50  Marine  
  164  11:51  Marine x4  
  162  12:14  Siege Tank  
  125  12:15  Factory Tech Lab  
  125  12:18  Siege Tank  
  126  12:32  Barracks Tech Lab x2  
  126  12:33  Marauder, Marine x7  
  126  12:34  Marine x2  
  137  12:46  Siege Tank  
  137  12:50  Supply Depot, Siege Tank  
  143  12:56  Command Center  
  140  13:05  Marauder x2, Marine  
  126  13:06  Marauder, Marine x7  
  126  13:12  Marine x4  
  137  13:14  Siege Tank  
  137  13:18  Siege Tank  
  129  13:22  Siege Tank  
  129  13:23  Marine x3  
  129  13:24  Marine x3  
Show
View Real Time Build Order
Export as new Build Order

PiG Zerg - Winner!

Build Orders: Hatch First 

Get SALT Encoding   

  12  0:01  Drone  
  13  0:12  Overlord  
  13  0:17  Drone  
  14  0:31  Drone x2  
  16  0:48  Hatchery  
  15  0:52  Drone  
  15  0:55  Drone  
  17  0:59  Drone  
  18  1:09  Extractor  
  17  1:15  Spawning Pool  
  17  1:17  Drone  
  17  1:20  Drone  
  18  1:29  Drone  
  19  1:40  Drone  
  20  1:50  Overlord  
  20  2:01  Queen x2  
  20  2:03  Zergling x4  
  26  2:13  Zergling x4  
  26  2:14  Metabolic Boost  
  28  2:25  Drone x2  
  30  2:38  Drone x2  
  32  2:47  Queen x2  
  36  2:55  Overlord  
  36  2:56  Overlord  
  35  3:15  Hatchery  
  35  3:17  Drone x5  
  39  3:26  Queen  
  41  3:32  Queen  
  43  3:37  Zergling x8  
  43  3:41  Zergling x2  
  47  3:57  Zergling x10  
  52  4:10  Overlord x4  
  48  4:32  Zergling x10  
  45  4:39  Hatchery  
  41  4:53  Overlord, Drone x3  
  41  4:55  Drone x4  
  48  5:00  Hatchery  
  48  5:07  Zergling x4  
  49  5:14  Drone  
  49  5:16  Drone  
  49  5:20  Queen  
  53  5:29  Zergling x14  
  55  5:44  Drone x5  
  60  5:54  Drone x6  
  60  5:57  Queen  
  66  6:04  Lair, Evolution Chamber  
  68  6:05  Extractor, Evolution Chamber  
  68  6:06  Extractor, Drone x3  
  67  6:18  Hatchery  
  66  6:23  Drone x7  
  73  6:31  Extractor  
  72  6:34  Drone x10  
  82  6:53  Zergling x24  
  93  6:54  Baneling Nest, Zerg Ground Armor Level 1  
  93  6:56  Zerg Melee Weapons Level 1  
  92  7:07  Overlord  
  92  7:08  Overlord x3  
  91  7:09  Zergling x2  
  91  7:10  Zergling x4  
  94  7:16  Overlord x2  
  94  7:17  Overlord  
  94  7:29  Drone  
  95  7:36  Drone x3  
  98  7:37  Hatchery, Drone  
  98  7:38  Drone x8  
  98  7:42  Overlord  
  105  7:51  Centrifugal Hooks  
  104  8:06  Zergling x30  
  116  8:12  Drone  
  116  8:13  Infestation Pit, Extractor, Drone x2  
  116  8:22  Spawning Pool, Drone x3  
  118  8:28  Overlord  
  118  8:35  Drone x11  
  118  8:37  Baneling  
  118  8:38  Baneling x10  
  118  8:39  Baneling x3  
  127  9:05  Infestor x4  
  135  9:12  Zergling x28  
  148  9:17  Queen  
  148  9:18  Hatchery  
  148  9:19  Queen  
  151  9:24  Overlord x4  
  151  9:25  Overlord x3, Zerg Melee Weapons Level 2  
  151  9:26  Zerg Ground Armor Level 2  
  151  9:36  Baneling x10  
  151  9:41  Zergling x8  
  151  9:42  Overlord x2  
  151  9:44  Zergling x24  
  166  9:58  Zergling x28  
  166  9:59  Zergling x2  
  181  10:02  Baneling x9  
  180  10:09  Overseer  
  180  10:11  Pneumatized Carapace  
  180  10:16  Zergling x30  
  180  10:18  Baneling x4  
  180  10:19  Baneling x4  
  192  10:26  Zergling x16  
  193  10:49  Zergling x14  
  177  10:59  Hive  
  177  11:03  Zergling x28  
  191  11:07  Spore Crawler x2  
  191  11:09  Overseer, Spore Crawler  
  188  11:14  Spore Crawler x2  
  186  11:29  Zergling x26  
  199  11:51  Baneling x17  
  199  12:03  Hatchery  
  199  12:08  Hatchery  
  167  12:23  Baneling x9  
  167  12:24  Baneling  
  167  12:25  Baneling x2  
  167  12:53  Baneling  
  167  12:54  Baneling x26  
  135  13:09  Zergling x26  
  135  13:10  Zergling x52  
  159  13:34  Drone x8  
Tags
 
Add a new tag
Caveats
  • Supply blocks, unpowered buildings, or Contaminate may cause inaccurate times.
  • Supply counts are checked every 10 seconds.